Map: 乌雷纳

Players

shengy - Winner!

  • Race: Zerg Zerg
  • League: Platinum

veni

  • Race: Protoss Protoss
  • League: Platinum

VOD

Have the link to the VOD?

Description

Time

  • Played on: Dec. 27, 2015, 7:24 p.m.
  • Length: 4:15
Show
View Real Time Build Order
Export as new Build Order

shengy Zerg - Winner!

Build Orders: Pool Only 

Get SALT Encoding   

  12  0:02  Drone  
  13  0:25  Spawning Pool  
  13  0:26  Drone  
  13  0:29  Extractor  
  13  0:34  Drone  
  13  0:39  Drone  
  14  0:47  Overlord  
  14  1:11  Zergling x6  
  14  1:15  Queen  
  19  1:23  Zergling x2  
  20  1:36  Metabolic Boost  
  20  1:40  Zergling x2  
  21  1:47  Zergling x2  
  22  1:56  Overlord  
  19  2:32  Zergling x8  
  19  2:33  Zergling x2  
  24  2:48  Zergling x2  
  25  3:10  Zergling x8  
  29  3:13  Overlord  
  29  3:33  Baneling Nest  
  28  3:35  Drone x2  
  28  3:36  Roach Warren  
Show
View Real Time Build Order
Export as new Build Order

veni Protoss 

Build Orders: Nexus First 

Get SALT Encoding   

  12  0:03  Probe (Chrono Boost)  
  13  0:14  Probe (Chrono Boost)  
  14  0:19  Pylon  
  14  0:24  Probe (Chrono Boost)  
  15  0:38  Probe (Chrono Boost)  
  16  0:48  Probe (Chrono Boost)  
  17  0:59  Nexus  
  17  1:02  Probe (Chrono Boost)  
  18  1:16  Gateway  
  18  1:17  Probe (Chrono Boost)  
  19  1:28  Forge  
  18  1:54  Probe (Chrono Boost), Assimilator  
  18  2:00  Pylon  
  19  2:08  Pylon, Photon Cannon  
  19  2:09  Pylon  
  18  2:38  Pylon  
  18  2:40  Cybernetics Core  
  17  2:59  Photon Cannon  
  7  3:18  Probe (Chrono Boost)  
  9  3:47  Probe (Chrono Boost)  
  10  3:58  Probe (Chrono Boost)  
Tags
 
Add a new tag
Caveats
  • Supply blocks, unpowered buildings, or Contaminate may cause inaccurate times.
  • Supply counts are checked every 10 seconds.